 Dungeon Crawl Stone Soup version 0.23.2-1-ga50397a (webtiles) character file.

Game seed: 18265619812414736120

127 dvd the Gusty (level 5, -5/28 HPs)
             Began as a Tengu Air Elementalist on May 16, 2019.
             Was an Initiate of Sif Muna.
             Killed from afar by an orc wizard (10 damage)
             ... with a magic dart
             ... on level 3 of the Dungeon.
             The game lasted 00:06:15 (2642 turns).

dvd the Gusty (Tengu Air Elementalist)              Turns: 2642, Time: 00:06:16

Health: -5/28      AC:  2    Str:  8    XL:     5   Next: 11%
Magic:  0/10       EV: 13    Int: 17    God:    Sif Muna [......]
Gold:   107        SH:  0    Dex: 14    Spells: 6/10 levels left

rFire    . . .     SeeInvis .   s - +2 short sword (venom)
rCold    . . .     Gourm    .   (no shield)
rNeg     + . .     Faith    .   a - +0 robe
rPois    .         Spirit   .   (helmet restricted)
rElec    .         Reflect  .   (no cloak)
rCorr    .         Harm     .   (no gloves)
MR       .....                  (boots unavailable)
Stlth    ++........             (no amulet)
HPRegen  0.09/turn              m - +5 ring of slaying
MPRegen  0.12/turn              r - ring of positive energy

@: very slightly contaminated
A: beak, talons 3, able to fly
a: Fly, Renounce Religion


You were on level 3 of the Dungeon.
You worshipped Sif Muna.
Sif Muna was noncommittal.
You were not hungry.

You visited 1 branch of the dungeon, and saw 3 of its levels.

You collected 107 gold pieces.

Inventory:

Hand Weapons
 b - a +0 hand axe
 s - a +2 short sword of venom (weapon)
Armour
 a - a +0 robe (worn)
 i - a +0 leather armour
 n - a +0 ring mail
 t - a +0 pair of boots
Jewellery
 m - a +5 ring of slaying (left hand)
 r - a ring of positive energy (right hand)
Scrolls
 e - a scroll of remove curse {unknown}
 f - 4 scrolls of identify {unknown}
 g - a scroll of fog {unknown}
 h - 2 scrolls of magic mapping {unknown}
 o - a scroll of teleportation {unknown}
Potions
 d - a potion of cancellation {unknown}
 j - a potion of mutation {unknown}
 k - a potion of might {unknown}
 l - 2 potions of curing {unknown}
 p - a potion of degeneration {unknown}
Comestibles
 c - 7 rations
 q - 5 chunks of flesh


   Skills:
 + Level 0.6 Fighting
 + Level 0.5 Axes
 + Level 2.4 Dodging
 + Level 2.4 Stealth
 + Level 3.1 Spellcasting
 + Level 2.4 Conjurations
 + Level 5.3 Air Magic


You had 6 spell levels left.
You knew the following spells:

 Your Spells              Type           Power        Failure   Level  Hunger
a - Shock                 Conj/Air       ###.         3%          1    None
b - Static Discharge      Conj/Air       ###.....     11%         3    ###....

Your spell library contained the following spells:

 Spells                   Type           Power        Failure   Level  Hunger
 Swiftness                Chrm/Air       ##......     9%          2    ##.....
 Airstrike                Air            ###.......   19%         4    ####...
 Lightning Bolt           Conj/Air       ###.......   67%         5    ######.


Dungeon Overview and Level Annotations

Branches:
Dungeon (3/15)

Altars:
Kikubaaqudgha
Sif Muna


Innate Abilities, Weirdness & Mutations

You have a beak for a mouth.
You have claws for feet.
You can fly continuously.


Message History

Confirm with . or Enter, or press ? or * to list all spells.
You miscast Static Discharge.
Nothing appears to happen.
The orc wizard hits you with a +0 dagger.
The orc hits you with a +0 short sword. The orc wizard barely misses you.
Unknown command.
Unknown command.
Casting: Static Discharge (safe; 11% risk of failure)
Confirm with . or Enter, or press ? or * to list all spells.
The orc is struck by an arc of lightning.
You kill the orc!
Sif Muna accepts your kill.
The lightning grounds out.
The orc wizard hits you with a +0 dagger.
Unknown command.
The orc wizard points at you and mumbles some strange words.
The magic dart hits you!
* * * LOW HITPOINT WARNING * * *
A magic dart appears from out of thin air!
The magic dart hits you!
You die...

#..... # .{..###. ....#.
#.###...# #?......# #..#
#)o# #.# #..######
#.##############@......S.
#.##.............########
#.##.############# #.##.#
#.##.# #.##.# .)...#
#.#### #.#####


You could see an orc wizard and an adder (sleeping).

Vanquished Creatures
  A worker ant (D:3)
  2 adders
  A gnoll (D:1)
  An ooze (D:2)
  2 dart slugs (D:1)
  2 leopard geckos
  5 orcs (D:3)
  5 bats
  3 giant cockroaches
  6 goblins
  5 hobgoblins
  3 jackals (D:2)
  12 kobolds
  2 quokkas (D:3)
  A ball python (D:1)
  5 frilled lizards
  3 rats
59 creatures vanquished.

Notes
Turn   | Place    | Note
-------+----------+-------------------------------------------
     0 | D:1      | dvd the Tengu Air Elementalist began the quest for the Orb.
     0 | D:1      | Reached XP level 1. HP: 10/10 MP: 4/4
   240 | D:1      | Reached XP level 2. HP: 15/15 MP: 1/6
   579 | D:1      | Reached XP level 3. HP: 18/19 MP: 1/7
   652 | D:1      | Learned a level 3 spell: Static Discharge
  1224 | D:2      | Reached skill level 5 in Air Magic
  1378 | D:2      | Found an ancient bone altar of Kikubaaqudgha.
  1670 | D:2      | Reached XP level 4. HP: 24/24 MP: 4/9
  1873 | D:2      | Found a deep blue altar of Sif Muna.
  1879 | D:2      | Became a worshipper of Sif Muna the Loreminder
  2440 | D:3      | Gained mutation: You can fly continuously. [Tengu growth]
  2440 | D:3      | Reached XP level 5. HP: 24/28 MP: 6/10
  2642 | D:3      | Killed from afar by an orc wizard

Skill      XL: |  1  2  3  4 |
---------------+-------------+-----
Air Magic      | 5 |  5.3
Spellcasting   | 3 |  3.1
Conjurations   | 2 |  2.4
Fighting       | |  0.6
Axes           | |  0.5
Dodging        | |  2.4
Stealth        | |  2.4

Action                   |  1- 3 |  4- 6 || total
-------------------------+-------+-------++-------
Melee: Hand axe          |    25 |    10 ||    35
       Kick              |     6 |     1 ||     7
       Peck              |     2 |       ||     2
       Short sword       |       |     3 ||     3
 Cast: Shock             |    52 |    32 ||    84
       Static Discharge  |     1 |     1 ||     2
  Eat: Chunk             |     3 |     3 ||     6
Armor: Robe              |    10 |     3 ||    13
Dodge: Dodged            |    30 |    12 ||    42
